NCAA
MINNESOTA GOLDEN GOPHERS @ SOUTH FLORIDA BULLS
05/16/2030
 
TOP OF THE 1ST
Minnesota Golden Gophers batting - Pitching for South Florida Bulls : RHP Clifford Sullivan
Pitching: RHP Clifford Sullivan
Batting: RHB Samuel Warner 0-0: Called Strike
0-1: Foul Ball, location: 2F
0-2: Ball
1-2: Ball
2-2: Ball
3-2: Fly out, F4 (Line Drive, 4M)
Batting: RHB Jason Black 0-0: Ball
1-0: Ball
2-0: Ball
3-0: Base on Balls
Batting: LHB Dave Landry 0-0: Called Strike
0-1: Fly out, F9 (Line Drive, 9)
Batting: RHB Ramón Chávez 0-0: Ball
1-0: Ball
2-0: Ball
3-0: Called Strike
3-1: Base on Balls
Jason Black to second
Batting: RHB Felipe Berrios 0-0: Foul Ball, location: 2F
0-1: Ball
1-1: SINGLE (Groundball, 6D)
Jason Black to third
Ramón Chávez to second
Runner from 3rd tries for Home, SAFE, no throw
Batting: RHB Steve Mitchell 0-0: Swinging Strike
0-1: Foul Ball, location: 2F
0-2: Ball
1-2: Strikes out swinging
Top of the 1st over - 1 run, 1 hit, 0 errors, 2 left on base; Minnesota 1 - South Florida 0
BOTTOM OF THE 1ST
South Florida Bulls batting - Pitching for Minnesota Golden Gophers : RHP Michael Campos
Pitching: RHP Michael Campos
Batting: RHB Brian Jones 0-0: Ball
1-0: Called Strike
1-1: Ball
2-1: SINGLE (Groundball, 25) (infield hit)
Batting: RHB Keith Olson 0-0: Grounds into double play, 5-4-3 (Groundball, 56)
Batting: RHB Brian Lovell 0-0: Called Strike
0-1: Fly out, F5 (Popup, 5SF)
Bottom of the 1st over - 0 runs, 1 hit, 0 errors, 0 left on base; Minnesota 1 - South Florida 0
TOP OF THE 2ND
Minnesota Golden Gophers batting - Pitching for South Florida Bulls : RHP Clifford Sullivan
Batting: RHB Nolan Peterson 0-0: Bunt for hit - play at first, batter safe!
Batting: RHB Steve Richardson 0-0: Foul Ball, location: 2F
0-1: Swinging Strike
0-2: Ball
1-2: Foul Ball, location: 2F
1-2: Foul Ball, location: 2F
1-2: Strikes out swinging
Batting: RHB Lou Bender 0-0: Ball
1-0: Swinging Strike
1-1: Fly out, F8 (Flyball, 8LM)
Batting: RHB Samuel Warner 0-0: Ball
1-0: Ground out 1-3 (Groundball, P)
Top of the 2nd over - 0 runs, 1 hit, 0 errors, 1 left on base; Minnesota 1 - South Florida 0
BOTTOM OF THE 2ND
South Florida Bulls batting - Pitching for Minnesota Golden Gophers : RHP Michael Campos
Batting: RHB Javier Gómez 0-0: Ball
1-0: Swinging Strike
1-1: Fly out, F9 (Line Drive, 9)
Batting: RHB Mike McGee 0-0: Ball
1-0: Foul Ball, location: 2F
1-1: Ball
2-1: Ball
3-1: Foul Ball, location: 2F
3-2: Base on Balls
Batting: RHB Jon Hinton 0-0: Reached on error, E1 (Groundball, 13S)
Mike McGee to second
Batting: RHB Coy Walsh 0-0: Ball
1-0: Ball
2-0: Ball
3-0: Called Strike
3-1: Base on Balls
Mike McGee to third
Jon Hinton to second
Batting: SHB Kelly Swanson 0-0: Called Strike
0-1: Swinging Strike
0-2: Ball
1-2: Strikes out looking
Batting: LHB Ramiro Valdés 0-0: Foul Ball, location: 2F
0-1: Fly out, F7 (Flyball, 7)
Bottom of the 2nd over - 0 runs, 0 hits, 1 error, 3 left on base; Minnesota 1 - South Florida 0
TOP OF THE 3RD
Minnesota Golden Gophers batting - Pitching for South Florida Bulls : RHP Clifford Sullivan
Batting: RHB Jason Black 0-0: Swinging Strike
0-1: Fly out, F8 (Flyball, 8RS)
Batting: LHB Dave Landry 0-0: Ball
1-0: Foul Ball, location: 2F
1-1: SINGLE (Flyball, 78S)
Batting: RHB Ramón Chávez 0-0: Ball
1-0: Ball
2-0: Called Strike
2-1: Foul Ball, location: 2F
2-2: Ball
3-2: Base on Balls
Dave Landry to second
Batting: RHB Felipe Berrios 0-0: Foul Ball, location: 2F
0-1: Ball
1-1: Called Strike
1-2: Ball
2-2: Ball
3-2: Foul Ball, location: 2F
3-2: Foul Ball, location: 2F
3-2: SINGLE (Flyball, 89M)
Dave Landry to third
Ramón Chávez to second
Runner from 3rd tries for Home, SAFE, no throw
Batting: RHB Steve Mitchell 0-0: Ball
1-0: Ball
2-0: Foul Ball, location: 2F
2-1: Foul Ball, location: 2F
2-2: Ball
3-2: Strikes out looking
Batting: RHB Nolan Peterson 0-0: Ball
1-0: Called Strike
1-1: Ground out 4-3 (Groundball, 4)
Top of the 3rd over - 1 run, 2 hits, 0 errors, 2 left on base; Minnesota 2 - South Florida 0
BOTTOM OF THE 3RD
South Florida Bulls batting - Pitching for Minnesota Golden Gophers : RHP Michael Campos
Batting: RHB Brian Jones 0-0: Ball
1-0: Ball
2-0: Fly out, F9 (Flyball, 89M)
Batting: RHB Keith Olson 0-0: Ball
1-0: Called Strike
1-1: Ball
2-1: Swinging Strike
2-2: Ball
3-2: Base on Balls
Batting: RHB Brian Lovell 0-0: Called Strike
0-1: Called Strike
0-2: Ball
1-2: Ball
2-2: Foul Ball, location: 2F
2-2: Strikes out swinging
Batting: RHB Javier Gómez 0-0: Called Strike
0-1: Hit by Pitch
Keith Olson to second
Batting: RHB Mike McGee 0-0: Ball
1-0: Called Strike
1-1: Ball
2-1: Ball
3-1: Hit by Pitch
Keith Olson to third
Javier Gómez to second
Batting: RHB Jon Hinton 0-0: Swinging Strike
0-1: Swinging Strike
0-2: Ball
1-2: Ball
2-2: Foul Ball, location: 2F
2-2: Ball
3-2: Foul Ball, location: 2F
3-2: Strikes out swinging
Bottom of the 3rd over - 0 runs, 0 hits, 0 errors, 3 left on base; Minnesota 2 - South Florida 0
TOP OF THE 4TH
Minnesota Golden Gophers batting - Pitching for South Florida Bulls : RHP Clifford Sullivan
Batting: RHB Steve Richardson 0-0: Ball
1-0: SINGLE (Groundball, 6D)
Pitching: RHP Nate Dougherty
Batting: RHB Lou Bender 0-0: Ball
1-0: SINGLE (Flyball, 7S)
Steve Richardson to second
Batting: RHB Samuel Warner 0-0: Ball
1-0: Foul Ball, location: 2F
1-1: Ball
2-1: Ball
Steve Richardson steals 3rd base
3-1: Swinging Strike
3-2: Strikes out swinging
Batting: RHB Jason Black 0-0: Ball
1-0: Fly out, F3 (Popup, 3L)
Batting: LHB Dave Landry 0-0: Ball
1-0: SINGLE (Line Drive, 6D)
Steve Richardson scores
Lou Bender to second
Batting: RHB Ramón Chávez 0-0: Ball
1-0: Ball
2-0: Ball
3-0: Base on Balls
Lou Bender to third
Dave Landry to second
Batting: RHB Felipe Berrios 0-0: Foul Ball, location: 2F
0-1: Foul Ball, location: 2F
0-2: GRAND SLAM HOME RUN (Flyball, 7LD), Distance : 337 ft
Pitching: LHP Joshua Haynes
Batting: RHB Steve Mitchell 0-0: Ball
1-0: Ball
2-0: Ball
3-0: Called Strike
3-1: Called Strike
3-2: Base on Balls
Batting: RHB Nolan Peterson 0-0: Fly out, F8 (Flyball, 8RD)
Top of the 4th over - 5 runs, 4 hits, 0 errors, 1 left on base; Minnesota 7 - South Florida 0
BOTTOM OF THE 4TH
South Florida Bulls batting - Pitching for Minnesota Golden Gophers : RHP Michael Campos
Batting: RHB Coy Walsh 0-0: Called Strike
0-1: Ball
1-1: Swinging Strike
1-2: Ball
2-2: Strikes out swinging
Batting: SHB Kelly Swanson 0-0: Ball
1-0: Swinging Strike
1-1: Ball
2-1: Ball
3-1: Swinging Strike
3-2: Base on Balls
Batting: LHB Ramiro Valdés 0-0: Called Strike
0-1: Ball
1-1: Ball
2-1: Ball
3-1: Fielders Choice at 2nd, 6-4 (Groundball, 6M)
Batting: RHB Brian Jones 0-0: Foul Ball, location: 2F
0-1: Fielders Choice at 2nd, 6-4 (Groundball, 6)
Bottom of the 4th over - 0 runs, 0 hits, 0 errors, 1 left on base; Minnesota 7 - South Florida 0
TOP OF THE 5TH
Minnesota Golden Gophers batting - Pitching for South Florida Bulls : LHP Joshua Haynes
Batting: RHB Steve Richardson 0-0: Ball
1-0: Ball
2-0: Ball
3-0: Base on Balls
Batting: RHB Lou Bender 0-0: Ball
1-0: Foul Ball, location: 2F
1-1: Foul Ball, location: 2F
1-2: Fly out, F9 (Flyball, 9LDF)
Batting: RHB Samuel Warner 0-0: Called Strike
0-1: Foul Ball, location: 2F
0-2: Ball
1-2: Strikes out swinging
Batting: RHB Jason Black 0-0: Fly out, F7 (Flyball, 7D)
Top of the 5th over - 0 runs, 0 hits, 0 errors, 1 left on base; Minnesota 7 - South Florida 0
BOTTOM OF THE 5TH
South Florida Bulls batting - Pitching for Minnesota Golden Gophers : RHP Michael Campos
Batting: RHB Keith Olson 0-0: Foul Ball, location: 2F
0-1: Ball
1-1: Ball
2-1: SOLO HOME RUN (Line Drive, 7LD), Distance : 328 ft
Pitching: RHP Mike Barnett
Batting: RHB Brian Lovell 0-0: Called Strike
0-1: Ground out 6-3 (Groundball, 6)
Batting: RHB Javier Gómez 0-0: Fly out, F8 (Line Drive, 8RM)
Batting: RHB Mike McGee 0-0: Ground out 5-3 (Groundball, 5)
Bottom of the 5th over - 1 run, 1 hit, 0 errors, 0 left on base; Minnesota 7 - South Florida 1
TOP OF THE 6TH
Minnesota Golden Gophers batting - Pitching for South Florida Bulls : LHP Joshua Haynes
Batting: LHB Dave Landry 0-0: Ground out 3-1 (Groundball, 34S)
Batting: RHB Ramón Chávez 0-0: Called Strike
0-1: Foul Ball, location: 2F
0-2: Ball
1-2: Fly out, F8 (Flyball, 8LD)
Batting: RHB Felipe Berrios 0-0: Ball
1-0: Foul Ball, location: 2F
1-1: Ball
2-1: Foul Ball, location: 2F
2-2: Ball
3-2: Base on Balls
Batting: RHB Steve Mitchell 0-0: Called Strike
0-1: Foul Ball, location: 2F
0-2: Foul Ball, location: 2F
0-2: Strikes out swinging
Top of the 6th over - 0 runs, 0 hits, 0 errors, 1 left on base; Minnesota 7 - South Florida 1
BOTTOM OF THE 6TH
South Florida Bulls batting - Pitching for Minnesota Golden Gophers : RHP Mike Barnett
Batting: RHB Jon Hinton 0-0: Fly out, F8 (Flyball, 89D)
Batting: RHB Coy Walsh 0-0: Called Strike
0-1: Swinging Strike
0-2: Foul Ball, location: 2F
0-2: Fly out, F8 (Flyball, 8LM)
Batting: SHB Kelly Swanson 0-0: Ground out 6-3 (Groundball, 6M)
Bottom of the 6th over - 0 runs, 0 hits, 0 errors, 0 left on base; Minnesota 7 - South Florida 1
TOP OF THE 7TH
Minnesota Golden Gophers batting - Pitching for South Florida Bulls : LHP Joshua Haynes
Batting: RHB Nolan Peterson 0-0: Fly out, F8 (Line Drive, 89M)
Batting: RHB Steve Richardson 0-0: Ball
1-0: Swinging Strike
1-1: Ball
2-1: Ball
3-1: Base on Balls
Batting: RHB Lou Bender 0-0: Called Strike
Steve Richardson steals 2nd base
0-1: Swinging Strike
0-2: Ball
1-2: Strikes out looking
Batting: RHB Samuel Warner 0-0: Ball
1-0: Ball
2-0: Foul Ball, location: 2F
2-1: Foul Ball, location: 2F
2-2: Ball
3-2: SINGLE (Groundball, 6MD)
Steve Richardson to third
Steve Richardson scores
Batting: RHB Jason Black 0-0: Called Strike
0-1: Swinging Strike
0-2: Foul Ball, location: 2F
0-2: Fielders Choice at 2nd, 5-4 (Groundball, 56)
Top of the 7th over - 1 run, 1 hit, 0 errors, 1 left on base; Minnesota 8 - South Florida 1
BOTTOM OF THE 7TH
South Florida Bulls batting - Pitching for Minnesota Golden Gophers : RHP Mike Barnett
Batting: LHB Ramiro Valdés 0-0: Ball
1-0: Ball
2-0: Swinging Strike
2-1: Foul Ball, location: 2F
2-2: Foul Ball, location: 2F
2-2: Ball
3-2: Foul Ball, location: 2F
3-2: Base on Balls
Batting: RHB Brian Jones 0-0: Called Strike
0-1: Foul Ball, location: 2F
0-2: Ball
1-2: Foul Ball, location: 2F
1-2: Foul Ball, location: 2F
1-2: SINGLE (Groundball, 13S) (infield hit)
Ramiro Valdés to second
Batting: RHB Keith Olson 0-0: Called Strike
0-1: Ball
1-1: Ball
2-1: Ball
3-1: Fly out, F6 (Line Drive, 6)
Batting: RHB Brian Lovell 0-0: Ball
1-0: Ball
2-0: Ball
Ramiro Valdés steals 3rd base
Brian Jones to second
3-0: Called Strike
3-1: Foul Ball, location: 2F
3-2: Fly out, F9 (Flyball, 9D)
Runner from 3rd tags up, SCORES, throw made
Batting: RHB Javier Gómez 0-0: Called Strike
0-1: Ball
1-1: SINGLE (Flyball, 7LS)
Brian Jones to third
Runner from 3rd tries for Home, SAFE, no throw
Batting: RHB Mike McGee 0-0: Foul Ball, location: 2F
0-1: Ball
1-1: Foul Ball, location: 2F
1-2: Ball
2-2: Strikes out looking
Bottom of the 7th over - 2 runs, 2 hits, 0 errors, 1 left on base; Minnesota 8 - South Florida 3
TOP OF THE 8TH
Minnesota Golden Gophers batting - Pitching for South Florida Bulls : LHP Joshua Haynes
Pitching: RHP José Ramírez
Batting: LHB Dave Landry 0-0: Ball
1-0: Ball
2-0: Foul Ball, location: 2F
2-1: Foul Ball, location: 2F
2-2: Foul Ball, location: 2F
2-2: Strikes out swinging
Batting: RHB Ramón Chávez 0-0: Ball
1-0: Called Strike
1-1: Called Strike
1-2: Ball
2-2: Strikes out swinging
Batting: RHB Felipe Berrios 0-0: Ball
1-0: Ball
2-0: Ball
3-0: Base on Balls
Batting: RHB Steve Mitchell 0-0: Ball
1-0: Ball
2-0: Called Strike
2-1: 2-RUN HOME RUN (Flyball, 7LD), Distance : 339 ft
Batting: RHB Nolan Peterson 0-0: Ball
1-0: Ground out 6-3 (Groundball, 6)
Top of the 8th over - 2 runs, 1 hit, 0 errors, 0 left on base; Minnesota 10 - South Florida 3
BOTTOM OF THE 8TH
South Florida Bulls batting - Pitching for Minnesota Golden Gophers : RHP Mike Barnett
Now at C: Duane Clarke
Batting: RHB Jon Hinton 0-0: Ball
1-0: Foul Ball, location: 2F
1-1: Foul Ball, location: 2F
1-2: Foul Ball, location: 2F
1-2: Ground out 5-3 (Groundball, 5)
Batting: RHB Coy Walsh 0-0: Ball
1-0: Ball
2-0: Fly out, F9 (Flyball, 9S)
Batting: SHB Kelly Swanson 0-0: Swinging Strike
0-1: SINGLE (Line Drive, 89S)
Batting: LHB Ramiro Valdés 0-0: Called Strike
0-1: Ball
1-1: Ball
2-1: Ground out 4-3 (Groundball, 4)
Bottom of the 8th over - 0 runs, 1 hit, 0 errors, 1 left on base; Minnesota 10 - South Florida 3
TOP OF THE 9TH
Minnesota Golden Gophers batting - Pitching for South Florida Bulls : RHP José Ramírez
Batting: RHB Steve Richardson 0-0: Ball
1-0: Ball
2-0: Called Strike
2-1: Called Strike
2-2: Strikes out swinging
Batting: RHB Lou Bender 0-0: Called Strike
0-1: Swinging Strike
0-2: Foul Ball, location: 2F
0-2: Ball
1-2: Ball
2-2: Fly out, F5 (Popup, 56)
Batting: RHB Samuel Warner 0-0: Ball
1-0: Ball
2-0: Called Strike
2-1: Fly out, F3 (Popup, 3SF)
Top of the 9th over - 0 runs, 0 hits, 0 errors, 0 left on base; Minnesota 10 - South Florida 3
BOTTOM OF THE 9TH
South Florida Bulls batting - Pitching for Minnesota Golden Gophers : RHP Mike Barnett
Batting: RHB Brian Jones 0-0: Ball
1-0: Ball
2-0: Called Strike
2-1: Swinging Strike
2-2: Foul Ball, location: 2F
2-2: Ground out 6-3 (Groundball, 56)
Batting: RHB Keith Olson 0-0: Swinging Strike
0-1: Swinging Strike
0-2: Ball
1-2: Foul Ball, location: 2F
1-2: Strikes out swinging
Batting: RHB Brian Lovell 0-0: Ball
1-0: Ball
2-0: Foul Ball, location: 2F
2-1: Swinging Strike
2-2: Strikes out swinging
Bottom of the 9th over - 0 runs, 0 hits, 0 errors, 0 left on base; Minnesota 10 - South Florida 3
Saturday, April 7th, 2018 - OOTP Baseball 18.8 Build 76